 Dungeon Crawl Stone Soup version 0.17-a0-1479-g4041c36 (webtiles) character file.

120 Snupthedog the Shooter (level 4, -5/29 HPs)
             Began as a High Elf Hunter on July 3, 2015.
             Slain by Crazy Yiuf
             ... wielding a +4 quarterstaff of chaos
              (15 damage)
             ... on level 3 of the Dungeon.
             The game lasted 00:09:13 (1650 turns).

Snupthedog the Shooter (High Elf Hunter)            Turns: 1650, Time: 00:09:19

Health: -5/29      AC:  3    Str: 12    XL:     4   Next: 75%
Magic:  5/5        EV: 12    Int: 15    God:    Xom [..*...]
Gold:   156        SH:  0    Dex: 15    Spells: 0 memorised, 3 levels left

rFire  . . .     SeeInvis .     a - +1 shortbow
rCold  + . .     Clarity  .     d - +0 leather armour
rNeg   . . .     SustAt   .     (no shield)
rPois  .         Gourm    .     (no helmet)
rElec  .         Spirit   .     (no cloak)
rCorr  .         Warding  .     (no gloves)
rMut   .         Stasis   .     (no boots)
MR     .....                    (no amulet)
Stlth  +++.......               A - ring of protection from cold
                                n - ring of stealth

@: not resistant to hostile enchantments, fairly stealthy
A: no striking features
a: Renounce Religion


You were on level 3 of the Dungeon.
You worshipped Xom.
You were a toy of Xom.
You were not hungry.

You visited 1 branch of the dungeon, and saw 3 of its levels.

You collected 156 gold pieces.

Inventory:

Hand weapons
 a - a +1 shortbow (weapon)
 b - a +2 short sword of holy wrath
 c - a +0 short sword
 f - a +3 dagger
Missiles
 h - 12 arrows of frost (quivered)
 s - 32 arrows
Armour
 d - a +0 leather armour (worn)
Jewellery
 n - a ring of stealth (left hand)
 p - an uncursed ring of ice
 A - a ring of protection from cold (right hand)
Scrolls
 g - 2 scrolls of identify {unknown}
 l - a scroll of amnesia {unknown}
 m - 3 scrolls of remove curse {unknown}
 q - 4 scrolls of teleportation {unknown}
 r - a scroll of enchant weapon {unknown}
 u - a scroll of blinking {unknown}
 x - a scroll of fog {unknown}
 y - a scroll of fear {unknown}
Potions
 i - a potion of flight {unknown}
 j - 3 potions of curing
 o - 4 potions of haste {unknown}
 v - a potion of magic {unknown}
 w - 2 potions of poison {unknown}
 z - a potion of agility {unknown}
Books
 t - a book of Annihilations

   Spells                             Type                      Level
   a - Poison Arrow                   Conjuration/Poison           6
   b - Chain Lightning                Conjuration/Air              8
   c - Lehudib's Crystal Spear        Conjuration/Earth            8
   d - Glaciate                       Conjuration/Ice              9
   e - Fire Storm                     Conjuration/Fire             9
Comestibles
 e - a bread ration
 k - 2 meat rations


   Skills:
 + Level 2.0 Fighting
 * Level 0.2 Short Blades
 + Level 7.7 Bows
 + Level 1.0 Armour
 + Level 2.4 Dodging
 + Level 1.2 Stealth


You had 3 spell levels left.
You didn't know any spells.

Dungeon Overview and Level Annotations

Branches:
Dungeon (3/15)

Altars:
Ashenzari
Nemelex Xobeh
Qazlal
Xom

Annotations:
D:3 Crazy Yiuf


Message History

Xom is amused.
Crazy Yiuf misses you.
Firing (i - inventory. (,) - cycle):
h - 14 arrows of frost (quivered)
Press: ? - help, Shift-Dir - straight line, f/p - Crazy Yiuf
Aim: Crazy Yiuf, wielding a quarterstaff of chaos and wearing a cloak (moderately wounded)
You shoot an arrow of frost.
The arrow of frost hits Crazy Yiuf but does no damage.
The arrow of frost freezes Crazy Yiuf.
Crazy Yiuf is moderately wounded.
Firing (i - inventory. (,) - cycle):
h - 13 arrows of frost (quivered)
Press: ? - help, Shift-Dir - straight line, f/p - Crazy Yiuf
Aim: Crazy Yiuf, wielding a quarterstaff of chaos and wearing a cloak (moderately wounded)
You shoot an arrow of frost.
The arrow of frost hits Crazy Yiuf but does no damage.
The arrow of frost freezes Crazy Yiuf.
Crazy Yiuf is moderately wounded.
Crazy Yiuf hits you with a quarterstaff of chaos!
Ouch! That really hurt!
You die...
Xom roars with laughter!

............##.............##
.#..........##.......#......#
............................#
#...............#.#####..<.##
..................# ######
.................>##
.................b.##♣♣♣♣♣
..#................+...♣.♣♣♣
..#.#..##.......@g.....(♣.(♣
................[......♣♣♣♣b(...#
..###..#..###..###.+..♣♣ ♣#.()#
..........# ##.# ####♣♣ ###
.###..###.# #.#####
####.####.####.#...#
...................###
.....................##
######................##


You could see Crazy Yiuf.

Vanquished Creatures
  The ghost of Ontamu the Changer, an average DrTm (D:3)
  A worm (D:2)
  A giant cockroach (D:3)
  5 goblins
  9 hobgoblins
  4 jackals
  A ball python (D:3)
  3 bats
  2 giant newts
  5 kobolds
  5 rats
37 creatures vanquished.

Notes
Turn   | Place    | Note
--------------------------------------------------------------
     0 | D:1      | Snupthedog the High Elf Hunter began the quest for the Orb.
     0 | D:1      | Reached XP level 1. HP: 14/14 MP: 2/2
   202 | D:1      | Reached XP level 2. HP: 19/19 MP: 3/3
   241 | D:1      | Reached skill level 6 in Bows
   594 | D:2      | Found a faded altar to an unknown god.
   710 | D:2      | Became a worshipper of The Xom-Meister
  1015 | D:2      | Reached XP level 3. HP: 24/24 MP: 4/4
  1364 | D:3      | Found a sparkling altar of Nemelex Xobeh.
  1387 | D:3      | Found a shattered altar of Ashenzari.
  1439 | D:3      | Noticed Ontamu's ghost (average DrTm)
  1460 | D:3      | XOM: potion effect (curing)
  1468 | D:3      | XOM: potion effect (curing)
  1476 | D:3      | XOM: potion effect (might)
  1480 | D:3      | Killed Ontamu's ghost
  1480 | D:3      | Reached skill level 7 in Bows
  1480 | D:3      | Reached skill level 1 in Armour
  1480 | D:3      | Reached XP level 4. HP: 14/29 MP: 5/5
  1523 | D:3      | XOM: harmless Pois miscast
  1565 | D:3      | Noticed an earth elemental
  1566 | D:3      | Found a stormy altar of Qazlal.
  1569 | D:3      | Noticed an air elemental
  1569 | D:3      | Noticed a water elemental
  1569 | D:3      | Noticed a fire elemental
  1628 | D:3      | Noticed Crazy Yiuf
  1635 | D:3      | XOM: butterfly on damage
  1650 | D:3      | Slain by Crazy Yiuf

Vault maps used:
D:1:      evilmike_arrival_crescent, serial_curves, eino_curves_04,
          eino_curves_03
D:2:      nicolae_overflow_hidden_temple, ecumenical_altar_1,
          kennysheep_decorative_pillar
D:3:      nicolae_overflow_crystal_walls, nemelex_xobeh_ov_fountains_minmay,
          dk_vineyard_2, minivault_14, nicolae_qazlal_style_of_elements,
          uniq_crazy_yiuf_cottage

Action                   |  1- 3 |  4- 6 || total
-------------------------+-------+-------++-------
Melee: Short sword       |     6 |     2 ||     8
 Fire: Shortbow          |   100 |     9 ||   109
  Use: Potion            |       |     1 ||     1
  Eat: Chunk             |     1 |     1 ||     2
